 Dungeon Crawl Stone Soup version 0.14-a0-155-gd989017 (webtiles) character file.

270 Malachi the Charmwright (level 3, 0/23 HPs)
             Began as a High Elf Skald on Oct 4, 2013.
             Succumbed to an adder's poison
             ... on Level 2 of the Dungeon.
             The game lasted 00:04:13 (1733 turns).

Malachi the Charmwright (High Elf Skald)            Turns: 1733, Time: 00:04:14

HP   0/23        AC  3     Str 11      XL: 3   Next: 71%
MP   5/8         EV 11     Int 17      God:
Gold 214         SH  0     Dex 14      Spells:  3 memorised,  1 level left

Res.Fire  : . . .   See Invis. : .   a - +0 elf falchion
Res.Cold  : . . .   Warding    : .   b - +0 elf leather armour
Life Prot.: . . .   Conserve   : .   (no shield)
Res.Poison: .       Res.Corr.  : .   (no helmet)
Res.Elec. : .       Clarity    : .   (no cloak)
Sust.Abil.: . .     Spirit.Shd : .   (no gloves)
Res.Mut.  : .       Stasis     : .   (no boots)
Res.Rott. : .       Flight     : .   (no amulet)
Saprovore : . . .                    (no ring)
                                     (no ring)

@: mildly poisoned, very slightly contaminated, slightly resistant to hostile
enchantments, unstealthy
A: no striking features
a: no special abilities


You were on level 2 of the Dungeon.
You were not hungry.

You visited 1 branch of the dungeon, and saw 2 of its levels.

You collected 194 gold pieces.

Inventory:

Hand weapons
 a - a +0,+0 elven falchion (weapon)
Armour
 b - a +0 elven leather armour (worn)
Comestibles
 d - 2 bread rations
 f - an apple
 m - a meat ration
 p - a chunk of worm flesh
 r - a chunk of hobgoblin flesh
Scrolls
 e - 3 scrolls of identify {unknown}
 h - 2 scrolls of teleportation {unknown}
 j - a scroll of enchant weapon II {unknown}
 k - a scroll of curse weapon {unknown}
 n - a scroll of fear {unknown}
 o - a scroll of magic mapping {unknown}
 q - a scroll of amnesia {unknown}
Jewellery
 i - an uncursed amulet of warding {unknown}
Potions
 g - a potion of curing {unknown}
 l - a potion of heal wounds {unknown}
Books
 c - a book of Battle

   Spells                             Type                      Level
   *Infusion                          Charms                       1
   *Shroud of Golubria                Charms/Translocation         2
   *Song of Slaying                   Charms                       2
   Spectral Weapon                    Hexes/Charms                 3
   Regeneration                       Charms/Necromancy            3
   Song of Shielding                  Charms                       4


   Skills:
 + Level 2.4 Fighting
 * Level 3.4 Long Blades
 - Level 0.8 Armour
 + Level 1.5 Dodging
 - Level 2.4 Spellcasting
 + Level 4.4 Charms


You had one spell level left.
You knew the following spells:

 Your Spells              Type           Power        Failure   Level  Hunger
a - Infusion              Chrm           ###...       2%          1    #......
b - Shroud of Golubria    Chrm/Tloc      #.........   14%         2    ##.....
c - Song of Slaying       Chrm           ###.......   4%          2    ##.....


Dungeon Overview and Level Annotations

Branches:
Dungeon (2/27)

Altars:


Message History

The adder bites you.
You are more poisoned.
The adder poisons you!
You closely miss the adder.
The adder is severely wounded.
The adder misses you. The adder bites you.
* * * LOW HITPOINT WARNING * * *
You are more poisoned.
The adder poisons you! The adder bites you.
* * * LOW HITPOINT WARNING * * *
You hit the adder!
You kill the adder!
* * * LOW HITPOINT WARNING * * *
You feel sick.
* * * LOW HITPOINT WARNING * * *
You feel sick.
You feel a little better.
You start resting.
You die...

#.....# ###.###.#########
.##.# #..........
.##.###.###########
.##.....# #.. %.###.###
###.#
......########.#.####..##
#.......)...............#
#..#########.#.#@##.#...#
#..# #.###.# #..# #.# #.#
#..# #.# #.# #..# #.# #.#
#..# #.# #.# ...# #.# #.#
.... ... ..# ...#### #..
...


There were no monsters in sight!

Vanquished Creatures
  2 adders
  A worm (D:2)
  2 giant geckos (D:1)
  9 bats
  6 hobgoblins
  6 kobolds
  A ball python (D:1)
  3 giant cockroaches
  A giant newt (D:1)
  5 rats
  A plant (D:2)
37 creatures vanquished.

Notes
Turn   | Place    | Note
--------------------------------------------------------------
     0 | D:1      | Malachi, the High Elf Skald, began the quest for the Orb.
     0 | D:1      | Reached XP level 1. HP: 13/13 MP: 4/4
   520 | D:1      | Reached XP level 2. HP: 18/18 MP: 3/6
   523 | D:1      | Reached skill level 4 in Charms
   950 | D:1      | Reached XP level 3. HP: 23/23 MP: 6/8
  1668 | D:2      | Learned a level 2 spell: Shroud of Golubria
  1671 | D:2      | Learned a level 2 spell: Song of Slaying
  1732 | D:2      | HP: 1/23 [poisoned by an adder]
  1733 | D:2      | Succumbed to an adder's poison

Action                   || total
-------------------------++-------
Melee: Falchion          ||   187
 Cast: Infusion          ||     9
       Song of Slaying   ||     2
